 Dungeon Crawl Stone Soup version 0.24.0-123-gd5b16e6ec5 (webtiles) character file.

Game seed: 2667909014177615814, levelgen mode: deterministic

231 McKennaii the Cudgeler (level 5, -1/50 HPs)
             Began as a Troll Monk on Dec 22, 2019.
             Slain by an adder skeleton (2 damage)
             ... on level 4 of the Dungeon.
             The game lasted 00:04:51 (2480 turns).

McKennaii the Cudgeler (Troll Monk)                 Turns: 2480, Time: 00:04:51

Health: -1/50      AC:  7    Str: 17 (19) XL:     5   Next: 72%
Magic:  4/4        EV:  8    Int:  4 (6)  God:
Gold:   134        SH:  9    Dex: 10 (13) Spells: 4/4 levels left

rFire    . . .     SeeInvis .   a - +0 mace
rCold    . . .     Gourm    +   g - +2 shield
rNeg     . . .     Faith    .   b - +0 robe
rPois    .         Spirit   .   (helmet restricted)
rElec    .         Reflect  .   e - +0 cloak (curse)
rCorr    +         Harm     .   (gloves unavailable)
MR       .....                  (boots unavailable)
Stlth    +.........             (no amulet)
HPRegen  0.56/turn              p - ring of resist corrosion
MPRegen  0.09/turn              (no ring)

@: no status effects
A: large, unfitting armour, claws 3, fast metabolism 3, gourmand, regeneration
1, shaggy fur 1, tough skin 3
a: no special abilities


You were on level 4 of the Dungeon.
You were full.

You visited 1 branch of the dungeon, and saw 4 of its levels.

You collected 134 gold pieces.

Inventory:

Hand Weapons
 a - a +0 mace (weapon)
Armour
 b - a +0 robe (worn)
 e - a cursed +0 cloak (worn)
 g - a +2 shield (worn)
Jewellery
 p - a ring of resist corrosion (left claw)
Scrolls
 f - a scroll of fear {unknown}
 h - 2 scrolls of identify {unknown}
 k - a scroll of fog {unknown}
 l - a scroll of immolation {unknown}
 o - a scroll of magic mapping {unknown}
 q - 2 scrolls of amnesia {unknown}
 s - a scroll of noise {unknown}
Potions
 i - a potion of berserk rage {unknown}
 j - a potion of flight {unknown}
 m - a potion of mutation {unknown}
 n - 4 potions of curing {unknown}
 r - 2 potions of resistance {unknown}
Comestibles
 c - 9 rations


   Skills:
 + Level 2.7 Fighting
 * Level 5.1 Maces & Flails
 + Level 3.0 Dodging
 + Level 1.1 Stealth
 + Level 0.7 Shields


You had 4 spell levels left.
You didn't know any spells.
Your spell library contained the following spells:

 Spells                   Type           Power        Failure   Level  Hunger
 Confusing Touch          Hex            #.....       98%         1    ##.....
 Confuse                  Hex            #.......     100%        3    ####...
 Gell's Gravitas          Tloc           #.........   100%        3    ####...
 Petrify                  Tmut/Erth      #.......     100%        4    #####..
 Metabolic Englaciation   Hex/Ice        #.........   100%        5    ######.
 Yara's Violent Unravell  Hex/Tmut       #.........   100%        5    ######.


Dungeon Overview and Level Annotations

Branches:
Dungeon (4/15)
 Temple: D:4-7

Altars:
Fedhas


Innate Abilities, Weirdness & Mutations

You are too large for most types of armour.
You have claws for hands.
Your metabolism is lightning-fast.
You like to eat raw meat.
Your natural rate of healing is unusually fast.
You are covered in fur. (AC +1)
You have extremely tough skin. (AC +3)


Message History

You block the adder skeleton's attack.
The orc hits you from afar with a +0 trident.
* * * LOW HITPOINT WARNING * * *
The phantom hits you!
* * * LOW HITPOINT WARNING * * *
The orc priest hits you but does no damage.
The orc hits you with a +0 club.
* * * LOW HITPOINT WARNING * * *
The adder skeleton bites you but does no damage.
Unknown command.
It was a potion of degeneration.
There was something very wrong with that liquid.
You feel weakened.
You feel dopey.
You feel clumsy. The orc closely misses you. The worker ant barely misses you.
The phantom blinks!
A scorpion comes into view.
You block the orc's attack. The orc priest hits you with a +0 mace.
* * * LOW HITPOINT WARNING * * *
The adder skeleton bites you.
You die...

## . .. # . .
.##. s ..#+#
##..
#.#.#.....
###.#.#...$.
#...a)......
#.(ยง@oo.....
#)..Zo......
#..$........
#.........%.
#....W......
#...........
#......#####
##'##### #.#


You could see a phantom, a scorpion (wandering), a worker ant, an orc priest, 2
orcs and an adder skeleton.

Vanquished Creatures
  An orc priest (D:4)
  A worker ant (D:4)
  Natasha (D:4)
  3 gnolls (D:3)
  3 adders
  4 worms
  3 dart slugs
  3 leopard geckos
  An orc (D:4)
  7 giant cockroaches
  7 goblins
  11 hobgoblins
  5 jackals
  3 quokkas
  2 ball pythons (D:2)
  A bat (D:3)
  3 frilled lizards
  8 kobolds
  8 rats
75 creatures vanquished.

Notes
Turn   | Place    | Note
-------+----------+-------------------------------------------
     0 | D:1      | McKennaii the Troll Monk began the quest for the Orb.
     0 | D:1      | Reached XP level 1. HP: 22/22 MP: 0/0
    49 | D:1      | Reached skill level 3 in Maces & Flails
   101 | D:1      | Reached XP level 2. HP: 26/29 MP: 1/1
   580 | D:1      | Reached XP level 3. HP: 36/36 MP: 2/2
   901 | D:2      | Found a blossoming altar of Fedhas.
  1221 | D:2      | Reached skill level 4 in Maces & Flails
  1221 | D:2      | Reached XP level 4. HP: 32/44 MP: 3/3
  1914 | D:3      | Reached XP level 5. HP: 47/50 MP: 4/4
  2417 | D:4      | Noticed Natasha
  2434 | D:4      | Killed Natasha
  2457 | D:4      | Noticed a phantom
  2458 | D:4      | Reached skill level 5 in Maces & Flails
  2479 | D:4      | HP: 2/50 [orc/+0 club (1)]
  2480 | D:4      | Slain by an adder skeleton

Levels and vault maps discovered:
D:1:      dpeg_arrival_tiny_d, layout_loops_corners, nrook_mini_vaults,
          st_stairs_6
D:2:      layout_basic, fedhas_altar_1
D:3:      layout_loops_ring
D:4:      cheibrodos_greedy_goblins, layout_basic, first_ration,
          corexii_leaking_fountain, uniq_natasha

Skill      XL: |  1  2  3  4  5 |
---------------+----------------+-----
Maces & Flails | 3 4 5 |  5.1
Dodging        | 3 |  3.0
Fighting       | |  2.7
Stealth        | |  1.1
Shields        | |  0.7

Action                   |  1- 3 |  4- 6 || total
-------------------------+-------+-------++-------
Melee: Mace              |   148 |   159 ||   307
  Use: Potion            |       |     1 ||     1
 Stab: Sleeping          |     5 |     1 ||     6
  Eat: Chunk             |    17 |     9 ||    26
Armor: Robe              |    59 |    53 ||   112
Dodge: Dodged            |    64 |    66 ||   130
Block: Shield            |    31 |    70 ||   101
